 Dungeon Crawl Stone Soup version 0.26.1-11-gd32895ea62 (webtiles) character file.

Game seed: 10497026468967926961

3682 DildoBatman the Merchant of Misery (level 10, -10/74 HPs)
             Began as a Formicid Conjurer on July 19, 2021.
             Was a Believer of Kikubaaqudgha.
             Shot with an arrow by a centaur warrior (33 damage)
             ... on level 9 of the Dungeon.
             The game lasted 00:26:36 (7682 turns).

DildoBatman the Merchant of Misery (FoCj)           Turns: 7682, Time: 00:26:36

Health: -10/74     AC:  3    Str: 12      XL:     10   Next: 35%
Magic:  11/20      EV: 13    Int: 30      God:    Kikubaaqudgha [**....]
Gold:   381        SH:  4    Dex: 11 (12) Spells: 15/23 levels left

rFire    + . .     SeeInvis +   a - +8 hunting sling of the Ecumenical Temple {venom, rF+ Will+}
rCold    . . .     Faith    +   w - +0 buckler
rNeg     . . .     Spirit   .   x - +0 robe
rPois    .         Reflect  .   (helmet unavailable)
rElec    .         Harm     .   (no cloak)
rCorr    .         Rampage  .   g - +0 pair of gloves
Will     ++...                  (no boots)
Stlth    ++........             i - amulet of faith
HPRegen  0.22/turn              u - +6 ring of intelligence
MPRegen  0.17/turn              E - +6 ring of intelligence

@: no status effects
A: permanent stasis, dig shafts and tunnels, four strong arms, antennae 3
a: Dig, Shaft Self, Renounce Religion, Receive Corpses


You were on level 9 of the Dungeon.
You worshipped Kikubaaqudgha.
Kikubaaqudgha was pleased with you.
You visited 2 branches of the dungeon, and saw 11 of its levels.

You collected 528 gold pieces.
You spent 147 gold pieces at shops.

Inventory:

Hand Weapons
 a - the +8 hunting sling of the Ecumenical Temple (weapon) {venom, rF+ Will+}
   (You found it on level 7 of the Dungeon)

   It poisons the ammo it fires.
   It protects you from fire.
   It affects your willpower, your defense against some magical effects.
 b - a +3 falchion of electrocution
Missiles
 c - 239 stones (quivered ammo)
 e - 48 bolts
 p - 84 arrows
 r - 83 sling bullets
 N - a throwing net
Armour
 g - a +0 pair of gloves (worn)
 w - a +0 buckler (worn)
 x - a +0 robe (worn)
Magical Staves
 P - an uncursed staff of air
Jewellery
 i - an amulet of faith (around neck)
 u - a +6 ring of intelligence (left hand)
 E - a +6 ring of intelligence (right hand)
Wands
 k - a wand of flame (17)
 M - a wand of paralysis (8)
Scrolls
 f - 2 scrolls of enchant armour
 y - a scroll of brand weapon {unknown}
 z - a scroll of immolation {unknown}
 C - 2 scrolls of magic mapping
 G - a scroll of fog
 I - 2 scrolls of enchant weapon
Potions
 d - a potion of berserk rage {unknown}
 j - 2 potions of ambrosia
 m - a potion of invisibility {unknown}
 s - 3 potions of flight {unknown}
 t - a potion of might
 B - a potion of resistance {unknown}
 H - 3 potions of curing {unknown}
 K - 2 potions of degeneration {unknown}
 O - 2 potions of lignification {unknown}


   Skills:
 - Level 5.0 Fighting
 - Level 4.0 Slings
 - Level 5.0 Armour
 - Level 3.0 Dodging
 - Level 2.4 Stealth
 - Level 3.0 Shields
 - Level 7.0 Spellcasting
 - Level 6.0 Conjurations
 * Level 7.4 Necromancy


You had 15 spell levels left.
You knew the following spells:

 Your Spells              Type           Power        Failure   Level
a - Searing Ray           Conj           92%          1%          2
c - Magic Dart            Conj           100%         1%          1
d - Vampiric Draining     Necr           26%          1%          3
z - Sublimation of Blood  Necr           26%          1%          2

Your spell library contained the following spells:

 Spells                   Type           Power        Failure   Level
 Pain                     Necr           100%         1%          1
 Corpse Rot               Necr/Air       N/A          1%          2
 Dazzling Flash           Conj/Hex       56%          4%          3
 Fulminant Prism          Conj/Hex       14%          14%         4
 Iskenderun's Mystic Bla  Conj/Tloc      28%          14%         4


Dungeon Overview and Level Annotations

Branches:
Dungeon (10/15)            Temple (1/1) D:7
   Lair: D:8-11         Orc: D:9-12

Altars:
Ashenzari
Cheibriados
Dithmenos
Elyvilon
Fedhas
Gozag
Hepliaklqana
Kikubaaqudgha
Makhleb
Nemelex Xobeh
Okawaru
Qazlal
Ru
Sif Muna
Trog
Uskayaw
Vehumet
Wu Jian
Xom
Yredelemnul
Zin
The Shining One

Shops:
D:4 *?

Annotations:
D:3 exclusion: diamond obelisk
D:5 exclusion: dancing weapon
D:8 1 runed translucent door, exclusion: sensed monster (detected), SkiLLzEr0's ghost, novice MiFi


Innate Abilities, Weirdness & Mutations

You cannot be hasted, slowed, berserked, paralysed or teleported.
You can dig through walls and to a lower floor.
Your four strong arms can wield two-handed weapons with a shield.
You have a pair of large antennae on your head. (SInv)


Message History

You dig through the rock wall.
The centaur warrior shoots an arrow.
The arrow closely misses you.
You retract your mandibles.
The centaur warrior shoots an arrow.
The arrow misses you.
You extend your mandibles.
You dig through the rock wall.
You retract your mandibles.
Unknown command.
The centaur warrior shoots an arrow.
The arrow hits you!
You see here an arrow.
The centaur warrior shoots an arrow.
The arrow hits you!!
Found a scroll of teleportation.
The centaur warrior shoots an arrow.
The arrow hits you!!
You die...
Kikubaaqudgha rasps: "You have failed me!
Welcome... death!"

,.....***#...#...................
*#..#**#.....#(..................
##..####.....#...................
.......#...###...................
.......#+###.....c.##########....
.......+...'....O..# #....
.......#...#.......# #....
.......#.).#.......# #....
.......#.).#....@..#***** #....
.......'...#....>.......* #....
.......##'##............* ##'##
............#######.....* #....
............# *.....* #....
#######.....# *....?* #....
#.....# *,....* #.... #.....#
*,,...* #.... #.....# *,,,,,*
#....


You could see a centaur warrior and a two-headed ogre.

Vanquished Creatures
  A water moccasin (D:9)
  An orc warrior (D:9)
  2 sky beasts
  2 ice beasts
  2 phantoms
  7 ogres
  4 bullfrogs
  3 big kobolds (D:9)
  2 scorpions
  5 killer bees (D:7)
  4 wights
  4 howler monkeys
  2 quasits
  2 orc priests
  9 orc wizards
  2 centaur skeletons
  4 hounds
  5 jellies
  A bullfrog skeleton (D:7)
  2 iguanas
  6 worker ants
  3 hound skeletons (D:4)
  A worker ant zombie (D:6)
  14 adders
  4 shadow imps
  4 white imps
  An ufetubus (D:8)
  2 adder skeletons
  2 worms
  A dart slug (D:1)
  4 leopard geckos
  19 orcs
  3 bats
  6 giant cockroaches
  7 goblins
  5 hobgoblins
  7 jackals
  19 kobolds
  4 quokkas
  3 frilled lizards
  A quokka zombie (D:7)
  5 rats
185 creatures vanquished.

Vanquished Creatures (others)
  3 plants (D:7)
  2 withered plants (D:8)
5 creatures vanquished.

Grand Total: 190 creatures vanquished

Notes
Turn   | Place    | Note
-------+----------+-------------------------------------------
     0 | D:1      | DildoBatman the Formicid Conjurer began the quest for the
                  | Orb.
     0 | D:1      | Reached XP level 1. HP: 13/13 MP: 3/3
   150 | D:1      | Reached XP level 2. HP: 17/19 MP: 0/5
   153 | D:1      | Learned a level 2 spell: Searing Ray
   497 | D:1      | Reached XP level 3. HP: 19/24 MP: 2/6
   799 | D:2      | Found a glowing golden altar of the Shining One.
  1264 | D:2      | Reached XP level 4. HP: 30/30 MP: 1/7
  1553 | D:3      | Found a stormy altar of Qazlal.
  1634 | D:3      | Found a white marble altar of Elyvilon.
  1934 | D:3      | Found an ornate altar of the Wu Jian Council.
  2527 | D:4      | Noticed an ogre
  2577 | D:4      | Reached skill level 5 in Conjurations
  2591 | D:4      | Reached skill level 1 in Fighting
  2591 | D:4      | Reached skill level 1 in Armour
  2591 | D:4      | Reached skill level 1 in Shields
  2591 | D:4      | Reached XP level 5. HP: 28/37 MP: 1/8
  2684 | D:4      | Found Fadghae's Magic Scroll Emporium.
  2832 | D:4      | Found Kimautz's Assorted Antiques.
  2838 | D:4      | Bought a scroll labelled VEGGIKU XIDALA for 30 gold pieces
  2838 | D:4      | Bought a scroll labelled TONEWAMOUN for 30 gold pieces
  2838 | D:4      | Bought a scroll labelled LUSASS TUEPH for 30 gold pieces
  2838 | D:4      | Bought a fuming orange potion for 27 gold pieces
  2838 | D:4      | Bought a scroll labelled FEUCUN GUDA for 30 gold pieces
  2854 | D:4      | Reached XP level 6. HP: 37/43 MP: 6/10
  3635 | D:5      | Entered Level 5 of the Dungeon
  3641 | D:5      | Found a hide-covered altar of Uskayaw.
  3644 | D:5      | Noticed a +0 hand axe
  3645 | D:5      | Noticed a +0 dagger
  3990 | D:5      | Noticed a sky beast
  4026 | D:5      | Killed a sky beast
  4027 | D:5      | Reached XP level 7. HP: 50/50 MP: 2/12
  4735 | D:6      | Reached skill level 5 in Spellcasting
  4735 | D:6      | Reached XP level 8. HP: 56/56 MP: 3/15
  4762 | D:6      | Found a burning altar of Makhleb.
  4786 | D:6      | Found a snail-covered altar of Cheibriados.
  5522 | D:7      | Got an ancient hunting sling
  5523 | D:7      | Identified the +8 hunting sling of the Ecumenical Temple
                  | {venom, rF+ Will+} (You found it on level 7 of the Dungeon)
  5606 | D:7      | Reached skill level 1 in Slings
  5826 | D:7      | Reached XP level 9. HP: 18/62 MP: 6/19
  5983 | D:7      | Found a staircase to the Ecumenical Temple.
  5990 | Temple   | Entered the Ecumenical Temple
  6173 | Temple   | Became a worshipper of Kikubaaqudgha
  6523 | D:7      | Found a glowing silver altar of Zin.
  6762 | D:8      | Found a runed translucent door.
  6764 | D:8      | Noticed SkiLLzEr0's ghost (novice MiFi)
  7009 | D:8      | Reached skill level 5 in Fighting
  7009 | D:8      | Reached skill level 5 in Armour
  7021 | D:8      | Reached skill level 1 in Necromancy
  7041 | D:8      | Noticed a troll
  7041 | D:8      | Noticed a centaur warrior
  7041 | D:8      | Noticed a green ugly thing
  7041 | D:8      | Noticed a gargoyle
  7059 | D:8      | You fall into a shaft and drop 2 floors!
  7059 | D:10     | Entered Level 10 of the Dungeon
  7079 | D:9      | Reached * piety under Kikubaaqudgha
  7079 | D:9      | Identified Kikubaaqudgha's Incunabulum of Necromancy
                  | (Kikubaaqudgha gifted it to you on level 9 of the Dungeon)
  7079 | D:9      | Received a gift from Kikubaaqudgha
  7219 | D:9      | Learned a level 2 spell: Sublimation of Blood
  7223 | D:9      | Learned a level 3 spell: Vampiric Draining
  7303 | D:9      | Reached XP level 10. HP: 69/74 MP: 13/20
  7398 | D:9      | Reached skill level 5 in Necromancy
  7409 | D:9      | Reached ** piety under Kikubaaqudgha
  7653 | D:9      | Noticed a centaur warrior
  7662 | D:9      | Noticed a two-headed ogre
  7682 | D:9      | Shot with an arrow by a centaur warrior

Illustrated notes

Levels and vault maps discovered:
D:1:      dpeg_arrival_rooms_b, layout_basic
D:2:      layout_loops_ring, tso_metal_star
D:3:      layout_loops_corners, nicolae_qazlal_eye_of_the_storm,
          nicolae_overflow_crystal_walls, elyvilon_altar_1
D:4:      kennysheep_big_flooded_room, layout_loops_corners, serial_shops, shop,
          shop, minmay_misc_feat_x
D:5:      layout_basic, dancing_weapons_uskayaw
D:6:      layout_gridville, bloody_makhleb, cheibriados_altar_1
D:7:      layout_loops_ring, lemuel_coloured_pillars_altar,
          minmay_temple_entry_overgrown
D:8:      minmay_the_grid_triangle_9x9_recursive_2
          [minmay_the_grid_triangle_9x9_prize_top_heavy,
          minmay_the_grid_triangle_9x9_negative_grid,
          minmay_the_grid_triangle_9x9_dagger,
          minmay_the_grid_triangle_9x9_limited_checkers], layout_gridville,
          gammafunk_ghost_grave, uniq_pikel
D:9:      minmay_bloctagon, layout_gridville, minmay_door_square
D:10:     layout_rooms, amcnicky_mini_rare_corridor_liquid, bh_walls_and_bars,
          uniq_joseph
Temple:   eino_temple_scatter_basement

Skill      XL: |  1  2  3  4  5  6  7  8  9 10 |
---------------+-------------------------------+-----
Conjurations   | 4 5 6 |  6.0
Fighting       | 1 2 5 |  5.0
Armour         | 1 2 5 |  5.0
Shields        | 1 3 |  3.0
Spellcasting   | 3 5 7 |  7.0
Slings         | 4 |  4.0
Dodging        | 2 3 |  3.0
Necromancy     | 4 7 |  7.4
Stealth        | |  2.4

Action                   |  1- 3 |  4- 6 |  7- 9 | 10-12 || total
-------------------------+-------+-------+-------+-------++-------
Melee: Unarmed           |     6 |       |       |       ||     6
       Club              |    18 |       |       |       ||    18
       Short sword       |     8 |     9 |       |       ||    17
       Falchion          |       |    15 |     9 |       ||    24
 Fire: Hunting sling     |       |       |    49 |    38 ||    87
 Cast: Magic Dart        |    22 |    12 |    10 |       ||    44
       Searing Ray       |    15 |    25 |    57 |    12 ||   109
 Abil: Dig               |     3 |     1 |     3 |     3 ||    10
       Shaft Self        |       |       |     1 |       ||     1
  Use: Potion            |     2 |       |       |       ||     2
       Scroll            |       |       |    10 |       ||    10
 Stab: Sleeping          |     2 |     1 |     1 |       ||     4
Armor: Robe              |    11 |     4 |     4 |     5 ||    24
Dodge: Dodged            |    30 |    23 |    35 |     5 ||    93
Block: Buckler           |       |     3 |    13 |     3 ||    19
       Rpst.: Falchion   |       |     5 |     2 |       ||     7
